 Dungeon Crawl Stone Soup version 0.26-a0-667-g92642533e4 (webtiles) character file.

Game seed: 3541949200324675280

70 BritishOli the Skirmisher (level 4, 35/35 HPs)
             Began as a Demonspawn Fighter on Oct 16, 2020.
             Quit the game on level 2 of the Dungeon.
             The game lasted 00:01:08 (1546 turns).

BritishOli the Skirmisher (Demonspawn Fighter)      Turns: 1546, Time: 00:01:08

Health: 35/35      AC:  7    Str: 17    XL:     4   Next: 3%
Magic:  4/4        EV:  7    Int:  9    God:
Gold:   61         SH:  9    Dex: 13    Spells: 3/3 levels left

rFire    . . .     SeeInvis .   a - +0 long sword
rCold    . . .     Faith    .   c - +0 kite shield
rNeg     . . .     Spirit   .   b - +0 scale mail
rPois    .         Reflect  .   (no helmet)
rElec    .         Harm     .   h - +0 cloak
rCorr    .         Rampage  .   (no gloves)
MR       .....                  (no boots)
Stlth    ..........             (no amulet)
HPRegen  0.11/turn              (no ring)
MPRegen  0.09/turn              (no ring)

@: no status effects
A: demonic guardian 1, rot immunity
a: no special abilities


You were on level 2 of the Dungeon.
You visited 1 branch of the dungeon, and saw 2 of its levels.

You collected 61 gold pieces.

Inventory:

Hand Weapons
 a - a +0 long sword (weapon)
Armour
 b - a +0 scale mail (worn)
 c - a +0 kite shield (worn)
 h - a +0 cloak (worn)
Jewellery
 j - an uncursed ring of magical power {unknown}
 k - an uncursed ring of stealth {unknown}
Wands
 o - a wand of flame (8)
Scrolls
 e - a scroll of identify {unknown}
 f - a scroll of remove curse {unknown}
 l - a scroll of amnesia {unknown}
 m - a scroll of fear {unknown}
Potions
 d - a potion of might
 g - a potion of cancellation {unknown}
 i - a potion of curing {unknown}
 n - a potion of haste {unknown}


   Skills:
 + Level 3.4 Fighting
 * Level 2.8 Long Blades
 + Level 3.1 Armour
 + Level 3.1 Shields


You had 3 spell levels left.
You didn't know any spells.
Your spell library was empty.

Dungeon Overview and Level Annotations

Branches:
Dungeon (2/15)

Altars:


Innate Abilities, Weirdness & Mutations

A weak demonic guardian rushes to your aid.
You are immune to rotting.


Message History

You closely miss the goblin. The goblin hits you but does no damage.
You slash the goblin!
You kill the goblin!
You have reached level 4!
You feel agile.
Your demonic ancestry asserts itself...
You feel immune to rotting.
You closely miss the goblin. The goblin closely misses you.
You riposte.
You hit the goblin but do no damage. You block the goblin's attack.
You barely miss the goblin. The goblin hits you but does no damage.
You slash the goblin!
You kill the goblin!
Found 16 arrows.
o - a wand of flame (8)
Items here: ))))) [[.
You start resting.
HP restored.
Saving game... please wait.
Welcome back, BritishOli the Demonspawn Fighter.
Press ? for a list of commands and other information.
Are you sure you want to abandon this character and quit the game? (Confirm with "yes".)

#.# #.# ####.# #....#
#....# #....#
#....#########(#
#)...)?)@......#
######<..############
#?.....).# #......).#
####
#..(.....###.....
#......(.........
..........(........
.###..$............
#..............#


There were no monsters in sight!

Vanquished Creatures
  Robin (D:2)
  2 adders
  A worm (D:2)
  A dart slug (D:2)
  A bat (D:1)
  A giant cockroach (D:1)
  10 goblins
  3 hobgoblins
  4 jackals (D:1)
  A frilled lizard (D:1)
  4 kobolds
  3 rats (D:1)
32 creatures vanquished.

Notes
Turn   | Place    | Note
-------+----------+-------------------------------------------
     0 | D:1      | BritishOli the Demonspawn Fighter began the quest for the
                  | Orb.
     0 | D:1      | Reached XP level 1. HP: 18/18 MP: 1/1
   131 | D:1      | Gained mutation: A weak demonic guardian rushes to your
                  | aid. [demonic ancestry]
   131 | D:1      | Reached XP level 2. HP: 24/24 MP: 2/2
   764 | D:2      | Reached XP level 3. HP: 25/29 MP: 3/3
  1252 | D:2      | Noticed Robin
  1273 | D:2      | Killed Robin
  1282 | D:2      | Gained mutation: You are immune to rotting. [demonic
                  | ancestry]
  1282 | D:2      | Reached XP level 4. HP: 5/35 MP: 4/4
  1546 | D:2      | Quit the game

Illustrated notes

Levels and vault maps discovered:
D:1:      nicolae_arrival_somewhat_less_tricky_arrival, layout_basic,
          minmay_misc_feat_columns
D:2:      layout_basic, uniq_crazy_yiuf_cottage, uniq_robin

Skill      XL: |  1  2  3 |
---------------+----------+-----
Long Blades    | 2 |  2.8
Armour         | 3 |  3.1
Shields        | 3 |  3.1
Fighting       | |  3.4

Action                   |  1- 3 |  4- 6 || total
-------------------------+-------+-------++-------
Melee: Long sword        |   105 |     3 ||   108
Armor: Scale mail        |    56 |       ||    56
Dodge: Dodged            |    35 |     1 ||    36
Block: Kite shield       |    61 |     1 ||    62
       Rpst.: Long sword |    13 |     1 ||    14

Table legend: (Time is in decaauts)
 A = Elapsed time spent in this place.
 B = Non-inter-level travel time spent in this place.
 C = Inter-level travel time spent in this place.
 D = Time resting spent in this place.
 E = Time spent auto-exploring this place.
 F = Levels seen in this place.
 G = Mean time per level.
                   A        B        C        D        E       F      G
               +--------+--------+--------+--------+--------+-----+--------+
         Total |   1587 |   1547 |     40 |    494 |    786 |   2 |  793.5 |
       Dungeon |   1587 |   1547 |     40 |    494 |    786 |   2 |  793.5 |
               +--------+--------+--------+--------+--------+-----+--------+

Top non-repeatable levels by time:
     D:1: 1049 daAuts
     D:2: 538 daAuts
